[Event "50th La Roda Open 2024"]
[Site "La Roda"]
[Date "2024.03.28"]
[Round "3.14"]
[White "Rodriguez Avila, Alvaro"]
[Black "Liu, Zexu"]
[Result "0-1"]
[ECO "B12"]
[WhiteElo "2142"]
[BlackElo "2325"]
[Annotator "RC"]
[PlyCount "48"]
[EventDate "2024.03.27"]
[EventType "swiss"]
[EventCountry "ESP"]
[SourceTitle "playchess.com"]
[Source "ChessBase"]
[SourceQuality "1"]
[TimeControl "5400+30"]

1. e4 c6 2. d4 d5 3. e5 c5 4. dxc5 e6 5. Be3 Nd7 6. Bb5 Ne7 7. Nf3 Nf5 8. Bd4 Qa5+ 9. Nc3 a6 10. Bxd7+ Bxd7 11. O-O Nxd4 12. Qxd4 Bxc5 13. Qf4 Qb4 14. Qd2 Rc8 15. a3 Qb6 16. Rfd1 O-O 17. Rab1 f6 18. Rf1 Qc7 19. Rbe1 Bxa3 20. exf6 Rxf6 21. Ne5 Bxb2 22. Nxd7 Rh6 23. Qxh6 gxh6 24. Nd1 Bg7 0-1

[Event "50th La Roda Open 2024"]
[Site "La Roda"]
[Date "2024.03.28"]
[Round "3.15"]
[White "Gomez Falagan, Daniel"]
[Black "Ponce Navalon, Jose"]
[Result "0-1"]
[ECO "A58"]
[WhiteElo "2319"]
[BlackElo "2141"]
[Annotator "RC"]
[PlyCount "86"]
[EventDate "2024.03.27"]
[EventType "swiss"]
[EventCountry "ESP"]
[SourceTitle "playchess.com"]
[Source "ChessBase"]
[SourceQuality "1"]
[TimeControl "5400+30"]

1. d4 Nf6 2. c4 c5 3. d5 b5 4. cxb5 a6 5. bxa6 g6 6. Nc3 d6 7. a7 Rxa7 8. e4 Bg7 9. Nf3 O-O 10. Be2 Ba6 11. O-O Rb7 12. Bxa6 Nxa6 13. Qe2 Nc7 14. a4 Qa8 15. Ra3 Rb4 16. Qc2 Rfb8 17. b3 Qb7 18. Nd2 Nd7 19. Ra2 Ne5 20. Ba3 Rd4 21. Ne2 Rd3 22. f4 Re3 23. fxe5 Rxe2 24. Qd3 Qa6 25. Qf3 Rf8 26. exd6 exd6 27. Rc2 f5 28. e5 Bxe5 29. Bb2 Re8 30. g4 Bxb2 31. Rxb2 R8e3 32. Qf4 Nxd5 33. Qg5 Qd3 34. gxf5 Qd4 35. Kh1 Qe5 36. Qh6 Nf6 37. Qf4 Qd5+ 38. Nf3 Rxf3 39. Rxf3 Rxb2 40. fxg6 Rxb3 41. gxh7+ Kxh7 42. Qh4+ Kg8 43. Qg5+ Qxg5 0-1

[Event "50th La Roda Open 2024"]
[Site "La Roda"]
[Date "2024.03.28"]
[Round "3.16"]
[White "Jarzebowski, Kacper"]
[Black "Ramiro Ovejero, Juan Luis"]
[Result "1/2-1/2"]
[ECO "D35"]
[WhiteElo "2139"]
[BlackElo "2316"]
[Annotator "RC"]
[PlyCount "93"]
[EventDate "2024.03.27"]
[EventType "swiss"]
[EventCountry "ESP"]
[SourceTitle "playchess.com"]
[Source "ChessBase"]
[SourceQuality "1"]
[TimeControl "5400+30"]

1. Nf3 d5 2. d4 e6 3. c4 h6 4. Nc3 Nf6 5. g3 Bd6 6. Bg2 O-O 7. O-O Nc6 8. cxd5 exd5 9. Bf4 Bxf4 10. gxf4 Ne4 11. Rc1 Bf5 12. Ne5 Nxc3 13. Rxc3 Ne7 14. Qb3 Rb8 15. Kh1 c6 16. Rg1 f6 17. Nd3 Kh8 18. Nc5 Qd6 19. e3 Ng6 20. Qd1 b6 21. Qh5 bxc5 22. Qxf5 Ne7 23. dxc5 Nxf5 24. cxd6 Rxb2 25. Rxc6 Rd8 26. d7 Ne7 27. Rc7 a5 28. Rd1 Rxa2 29. Bxd5 Rxf2 30. Be6 Kh7 31. Rd3 g5 32. f5 h5 33. Rc8 Nxc8 34. dxc8=Q Rxc8 35. Bxc8 g4 36. Ra3 Kh6 37. Rxa5 Kg5 38. Ba6 Kh4 39. Kg1 Rf3 40. Be2 Rxe3 41. Kf2 Rh3 42. Kg2 Re3 43. Ra2 Kg5 44. Kf2 Rh3 45. Kg2 Re3 46. Kf2 Rh3 47. Kg2 1/2-1/2

[Event "50th La Roda Open 2024"]
[Site "La Roda"]
[Date "2024.03.29"]
[Round "4.1"]
[White "Aravindh, Chithambaram VR."]
[Black "Martinez Ramirez, Lennis"]
[Result "1-0"]
[ECO "D35"]
[WhiteElo "2662"]
[BlackElo "2450"]
[Annotator "TA"]
[PlyCount "91"]
[EventDate "2024.03.27"]
[EventType "swiss"]
[EventCountry "ESP"]
[SourceTitle "playchess.com"]
[Source "ChessBase"]
[SourceQuality "1"]
[TimeControl "5400+30"]

1. d4 Nf6 2. c4 e6 3. Nc3 d5 4. cxd5 exd5 5. Bg5 c6 6. e3 h6 7. Bh4 Bf5 8. Qb3 {[%emt 0:01:36] D35: Damengambit (Abtauschvariante).} Qb6 9. Bxf6 gxf6 10. Kd2 h5 $146 ({Predecessor:} 10... Nd7 11. Bd3 Bxd3 12. Qxb6 Nxb6 13. Kxd3 Rg8 14. g3 f5 15. Nf3 Nc4 16. b3 Nd6 {0-1 Sarana,A (2670)-Andreikin,D (2729) Chess.com Rapid Wk17 Swiss 2022 (6)}) 11. Nf3 (11. Qxb6 {vereinfacht} axb6 12. Bd3 Bg4 13. h4) 11... h4 12. Bd3 (12. Qxb6 {vereinfacht} axb6 13. Be2 b5 14. Bd3) 12... Bg4 13. h3 Be6 (13... Qxb3 $1 $11 14. axb3 Bxf3 15. gxf3 Bb4) 14. Qc2 $14 Nd7 15. a3 Bd6 16. b4 (16. Ke2 $16) 16... Ke7 17. Ke2 Rag8 18. Kf1 Rh5 19. Na4 Qc7 20. Nc5 f5 21. Rc1 Nf6 22. Qd1 Ne4 23. Rg1 Rh6 24. b5 ({Günstiger ist} 24. Rc2 $15) 24... Bh2 (24... Bxc5 $17 25. dxc5 f4) 25. Nxe6 fxe6 26. Nxh2 Qxh2 27. bxc6 Rhg6 (27... Ng5 $5 28. Ke2 (28. cxb7 Nxh3 29. Qe1 Qxg1+ $19) 28... bxc6 $11) 28. Bxe4 (28. cxb7 Qxg1+ (28... Rxg2 29. Rc7+ Kd6 30. Rc6+ Kxc6 31. Qc2+ Kxb7 32. Rxg2 Rxg2 33. Ba6+ Kb6 34. Ke1 Rxf2 35. Qb3+ Kc7 36. Qb7+ Kd8 37. Qa8+ Ke7 38. Qxa7+ Kf6 39. Qg7+ Kxg7 40. Bf1 Rxf1+ 41. Kxf1 Qf2#) 29. Kxg1 Rxg2+ 30. Kf1 Rxf2+ (30... Nxf2 31. Rc7+ Kf6 32. Qh5 R2g7 33. Qxh4+ Rg5 34. b8=Q Rxb8 35. Qh7) 31. Ke1 Rg1+) 28... fxe4 29. Qh5 $1 (29. cxb7 Rxg2 30. Rxg2 Rxg2 $11) 29... Rxg2 30. Rxg2 ({Ein No Go ist} 30. Qxh4+ Kd6 31. Rxg2 Qh1+ (31... Qxg2+ 32. Ke1 $16) 32. Ke2 Qxc1 33. Rxg8 (33. Qf4+ Kxc6 34. Rxg8 Qc4+ 35. Ke1 Qc1+ 36. Ke2 Qc4+ 37. Ke1 Qc1+ 38. Ke2 $11) 33... Qc4+ 34. Ke1 Qc1+ 35. Ke2 Qc4+ 36. Ke1 Qc1+ 37. Ke2 $11) 30... Rxg2 $4 (30... Qxg2+ $14 31. Ke2 bxc6) 31. Qxh4+ $18 Kf7 {[%emt 0:09:44] [#]} 32. Qf4+ $1 ({Minderwertig wäre} 32. cxb7 Qh1+ (32... Rg1+ $2 33. Ke2 $18) 33. Ke2 Qxc1 $11) 32... Qxf4 33. exf4 Rg8 34. cxb7 Rb8 35. Rb1 Kf6 36. Ke2 Kf5 37. Ke3 Kg6 38. a4 a5 39. Rb6 Kf6 40. h4 Kf5 41. f3 exf3 42. Kxf3 Kf6 43. h5 Kf5 44. h6 Kg6 45. Rxe6+ Kh7 46. Rb6 1-0

[Event "50th La Roda Open 2024"]
[Site "La Roda"]
[Date "2024.03.29"]
[Round "4.2"]
[White "Martinez Reyes, Pedro Ramon"]
[Black "Xu, Xiangyu"]
[Result "0-1"]
[ECO "B15"]
[WhiteElo "2332"]
[BlackElo "2623"]
[Annotator "TA"]
[PlyCount "134"]
[EventDate "2024.03.27"]
[EventType "swiss"]
[EventCountry "ESP"]
[SourceTitle "playchess.com"]
[Source "ChessBase"]
[SourceQuality "1"]
[TimeControl "5400+30"]

1. e4 c6 2. d4 d5 3. Nd2 dxe4 4. Nxe4 Nf6 5. Nxf6+ exf6 6. Nf3 Bd6 7. Bd3 O-O 8. O-O Re8 9. h3 {[%emt 0:05:48] B15: Caro-Kann: 3 Nc3: 3...g6 and 3...dxe4 4 Nxe4 Nf6 5 Nxf6+ exf6.} Na6 $5 {[%emt 0:01:06][%mdl 4] An interesting side line.} 10. c4 Nb4 $146 ({Predecessor:} 10... Nc7 11. Be3 g6 12. Qc2 b6 13. Rfe1 Bb7 14. a3 Bf8 15. Rad1 Qd7 16. Bf1 Ne6 17. Qc3 Bg7 18. a4 f5 19. Qc1 f4 20. Bxf4 Nxd4 21. Ne5 Bxe5 22. Bxe5 c5 23. Qf4 Re6 {½-½ Eschert,U (2120)-Connelly,K (2217) W-ch WS/M/407 email 2012}) 11. Bb1 a5 12. a3 Na6 13. Re1 Nc7 14. Rxe8+ Qxe8 15. Bd3 Be6 16. Qc2 h5 17. Bd2 Qd7 18. Re1 Bf8 19. a4 b6 20. Bc3 Bd6 21. Bf1 Na6 22. Qe4 Bf5 23. Qh4 Bg6 24. c5 Bc7 25. cxb6 Bxb6 26. Bxa6 Rxa6 27. Qf4 $1 Ra8 28. Qe3 Bc2 29. Qe7 Qxe7 30. Rxe7 Bxa4 31. Nd2 Bb5 32. Rb7 Bd8 $1 33. Ne4 Bc4 34. Nd6 Bd5 35. Nf5 Kf8 36. Ne3 Be6 37. d5 cxd5 38. Rb5 {[%emt 0:00:01] [#]} h4 (38... Ke7 $1 $19 39. Nxd5+ Kd6) 39. Nxd5 $17 Bd7 40. Rc5 {[%emt 0:00:30] [#]} (40. Rb3 $17) 40... Rc8 $1 $19 41. Bd4 Ke8 42. Rxc8 Bxc8 43. Bb6 (43. Nb6 $142 Bf5 44. Nd5) 43... Bb7 44. Bxd8 Kxd8 ({Stronger than} 44... Bxd5 45. Bxa5 f5 46. Bc3 $14) 45. Ne3 Kc7 46. Kf1 Kc6 47. Ke1 Kc5 48. Kd2 Kd4 49. g3 ({Much worse is} 49. Nf5+ Ke5 50. Ne3 (50. Nxh4 $2 {loses.} g5 $19) 50... f5 51. Nc4+ Kf4 $19) 49... Bc8 50. gxh4 Bxh3 51. Ke2 Be6 52. f3 a4 53. Ng2 Bd7 54. Ne3 Bb5+ 55. Kd2 Ke5 56. Ke1 (56. Ng2 {is a better defense.}) 56... Bc6 $19 57. Kf2 g6 58. Ng4+ $2 (58. Nc2 Kd5 59. Ke3) 58... Kf4 $19 59. Nxf6 Bxf3 60. Nd7 Bc6 61. Nf6 Kf5 62. Ng8 Bd7 63. Kg3 Ke6 (63... Ke5 $142 64. Kf3 Kd4) 64. Kf4 f6 65. Nh6 Ke7 66. Ke4 Be6 67. Kf4 Kd6 0-1

[Event "50th La Roda Open 2024"]
[Site "La Roda"]
[Date "2024.03.29"]
[Round "4.3"]
[White "Karthik Venkataraman"]
[Black "Buendia Pinar, Alvaro"]
[Result "1-0"]
[ECO "B17"]
[WhiteElo "2609"]
[BlackElo "2331"]
[Annotator "TA"]
[PlyCount "85"]
[EventDate "2024.03.27"]
[EventType "swiss"]
[EventCountry "ESP"]
[SourceTitle "playchess.com"]
[Source "ChessBase"]
[SourceQuality "1"]
[TimeControl "5400+30"]

1. e4 c6 2. d4 d5 3. Nd2 dxe4 4. Nxe4 Nd7 5. Bd3 Ngf6 6. Ng5 e6 7. N1f3 Bd6 8. Qe2 h6 9. Ne4 Nxe4 10. Qxe4 Nf6 11. Qe2 Qc7 12. Bd2 b6 13. O-O-O Bb7 14. Kb1 O-O-O 15. a3 Kb8 16. Rhe1 c5 17. dxc5 {[%emt 0:00:21] White is slightly better.} Bxc5 18. g3 Ka8 19. Bf4 Qe7 20. Ne5 g5 21. Bd2 Bd4 22. Bb4 Qc7 23. Nf3 {[%emt 0:00:09] [#] Nxd4 would now be deadly.} Bc5 24. Bc3 Qe7 ({Black should play} 24... Be7 $14) 25. Bxf6 (25. b4 $16 Bd6 26. Bb2) 25... Qxf6 $11 26. Be4 {[%emt 0:00:02] And now Bxb7+ would win.} Rxd1+ 27. Rxd1 Rd8 {[%emt 0:00:00] [#] Inhibits Rd7. Hoping for ...Rxd1+.} 28. Rxd8+ Qxd8 29. Ne5 $40 {[%emt 0:00:04][%mdl 128] White mounts an attack.} f5 30. Bxb7+ Kxb7 {[%emt 0:00:00][%mdl 4096] Endgame. KQB-KQN} 31. Qh5 Bxf2 (31... Qd5 $11 32. Qf7+ Ka8 (32... Ka6 33. Nd3 $16)) 32. Qf7+ $16 (32. Qxh6 $2 {is the wrong capture.} Qd1+ 33. Ka2 Qd5+ (33... Qxc2 34. Qxe6 Bc5 35. Qd5+ Ka6 36. Nd3 $16) 34. Kb1 Qxe5 $19) 32... Ka6 $2 (32... Qc7 $16 33. Qxe6 f4 34. Qd5+ Kb8 35. gxf4 gxf4 36. Qg8+ Qc8) 33. Nd3 Bc5 34. Qxe6 Qf8 (34... Kb7 35. Qxh6 (35. Qxf5 Qd6 $18) 35... Kb8) 35. Qd7 {[%emt 0:00:01] Intending b4 and mate.} Bd6 36. b4 f4 37. gxf4 gxf4 38. c4 Qb8 39. b5+ Ka5 40. Qg7 {[%emt 0:00:04] White mates.} Bxa3 41. Qc3+ Ka4 42. Ka2 Qd6 43. Qb3+ $2 {[%emt 0:00:06] Weighted Error Value: White=0.42/Black=0.44.  Mistake:       	White=1     	Black=4      Inaccurate:     	White=2     	Black=2      OK:         	White=8     	Black=7      Best:        	White=1     	Black=1} (43. Qc2+ {mates} Ka5 44. Kb3 Qxd3+ 45. Qxd3 Bb4 46. Qc2 (46. Qe2 Bf8 47. Qe1+ Bb4 48. Qxb4#) 46... h5 47. Qa2+ Ba3 48. Qxa3#) 1-0

[Event "50th La Roda Open 2024"]
[Site "La Roda"]
[Date "2024.03.29"]
[Round "4.4"]
[White "Liu, Zexu"]
[Black "Iturrizaga Bonelli, Eduardo"]
[Result "0-1"]
[ECO "A20"]
[WhiteElo "2325"]
[BlackElo "2588"]
[Annotator "TA"]
[PlyCount "70"]
[EventDate "2024.03.27"]
[EventType "swiss"]
[EventCountry "ESP"]
[SourceTitle "playchess.com"]
[Source "ChessBase"]
[SourceQuality "1"]
[TimeControl "5400+30"]

1. Nf3 d5 2. g3 g6 3. Bg2 Bg7 4. c4 dxc4 5. Na3 e5 6. O-O Nc6 7. Nxc4 Nge7 8. d3 O-O 9. Bd2 a5 10. Bc3 f6 {[%emt 0:01:58] The position is equal.} 11. b3 Be6 12. Rc1 Qd7 13. Re1 b6 14. Qc2 Rad8 15. a3 g5 16. Nfd2 h6 (16... g4 $15) 17. Qb1 Nd4 18. Nf3 Nef5 19. a4 Rfe8 20. Qb2 Bf7 21. Nfd2 (21. Nxd4 $11 {keeps the balance.} Nxd4 (21... exd4 22. Bd2 $11) 22. Nd2) 21... Bh5 {[%emt 0:01:43] Black is much more active.} 22. Bf1 Ne7 23. e3 Ne6 24. f4 gxf4 25. gxf4 exf4 {[%emt 0:00:28] [#] Threatens to win with ...Nd5.} 26. Ne4 $2 {[%emt 0:00:30][%mdl 8192] White does not recover from this.} (26. Bxf6 $17 Nd5 27. Bxg7 Nxg7 (27... Qxg7+ 28. Qxg7+ Kxg7 29. exf4 $17) 28. exf4) 26... Nd5 $19 {[%emt 0:00:26] ...Nxc3 would now be deadly.} 27. Nxf6+ Nxf6 28. Bxf6 Ng5 29. Bg2 (29. Bxg7 Nf3+ 30. Kh1 Nxe1 (30... Qxg7 $2 31. Qxg7+ Kxg7 32. Re2 $19) 31. Rxe1 Qxg7 32. Qxg7+ Kxg7 33. e4) 29... f3 30. Bxg7 fxg2 ({Less strong is} 30... Qxg7 31. Qxg7+ Kxg7 32. Bf1 $17) 31. Bf6 Nf3+ (31... Nh3+ $142 32. Kxg2 Qc6+ 33. e4 Rxd3) 32. Kxg2 Nxe1+ 33. Rxe1 Qg4+ 34. Kh1 {[%emt 0:00:31] Hoping for Rg1.} Qf3+ 35. Kg1 {[%emt 0:00:16] [#]} (35. Qg2+ $19 Qxg2+ 36. Kxg2 Rxd3 37. Rb1) 35... Kh7 $1 {[%emt 0:00:11] Weighted Error Value: White=0.97/Black=0.37.  Loses game:     	White=1     	---        Mistake:       	White=3     	Black=1      Inaccurate:     	White=4     	Black=2      OK:         	White=4     	Black=9      Best:        	White=1     	Black=1} 0-1

[Event "50th La Roda Open 2024"]
[Site "La Roda"]
[Date "2024.03.29"]
[Round "4.5"]
[White "Peralta, Fernando"]
[Black "Blom, Vincent"]
[Result "1-0"]
[ECO "E26"]
[WhiteElo "2580"]
[BlackElo "2307"]
[Annotator "TA"]
[PlyCount "67"]
[EventDate "2024.03.27"]
[EventType "swiss"]
[EventCountry "ESP"]
[SourceTitle "playchess.com"]
[Source "ChessBase"]
[SourceQuality "1"]
[TimeControl "5400+30"]

1. d4 Nf6 2. c4 e6 3. Nc3 Bb4 4. e3 c5 5. Bd3 Nc6 6. a3 Bxc3+ 7. bxc3 d6 8. Ne2 e5 9. O-O e4 10. Bb1 Bf5 11. Ng3 Bg6 {[%emt 0:04:51] The position is equal.} 12. f4 {[%emt 0:01:06] [#] Black must now prevent f5.} exf3 13. Qxf3 Qa5 14. Bf5 O-O 15. Rb1 Qxc3 16. Bb2 (16. Rxb7 Na5 17. Rb5 Nb3) 16... Qxc4 17. Rfc1 Qa4 18. dxc5 Ne5 19. Bxe5 ({Much worse is} 19. Qxb7 Rab8 20. Qc7 Rxb2 21. Rxb2 Qxa3 $11) 19... dxe5 20. Qxb7 {[%emt 0:00:10] aiming for c6.} Qh4 $2 {[%emt 0:04:52] [#]} (20... Qxa3 $11 {and Black has nothing to worry.} 21. Qb3 Qxb3 22. Rxb3 h5) 21. Qf3 $1 $18 h5 22. c6 Ng4 23. h3 {[%emt 0:01:04] Active counter play!} Nh6 24. c7 Nxf5 25. Nxf5 Qg5 26. e4 Bxf5 27. exf5 {[%emt 0:00:40][%cal Of3a8] Qxa8! would now be deadly.} Rac8 {[%emt 0:00:12] Black is weak on the light squares} 28. Rc4 (28. Rc6 $142) 28... Rfe8 $16 29. Re1 (29. Qe4 $16) 29... Kf8 (29... Re7 $14) 30. Kh2 $36 {[%emt 0:01:09][%mdl 2048] White is in control.} Qd2 $2 (30... h4 $16) 31. Rd1 $18 Qh6 (31... Qg5 {was called for.} 32. Rd7 Kg8) 32. Rd7 Re7 33. Rd8+ Re8 34. Rxc8 {[%emt 0:00:15] Weighted Error Value: White=0.15 (very precise) /Black=0.63.  Loses game:     	---       	Black=2      Mistake:       	White=2     	Black=2      Inaccurate:     	White=1     	Black=3      OK:         	White=8     	Black=8      Best:        	White=3     	Black=3} 1-0

[Event "50th La Roda Open 2024"]
[Site "La Roda"]
[Date "2024.03.29"]
[Round "4.6"]
[White "Bustos Bernardo, Samuel"]
[Black "Sonis, Francesco"]
[Result "0-1"]
[ECO "A32"]
[WhiteElo "2188"]
[BlackElo "2562"]
[Annotator "TA"]
[PlyCount "76"]
[EventDate "2024.03.27"]
[EventType "swiss"]
[EventCountry "ESP"]
[SourceTitle "playchess.com"]
[Source "ChessBase"]
[SourceQuality "1"]
[TimeControl "5400+30"]

1. Nf3 c5 2. c4 Nc6 3. d4 cxd4 4. Nxd4 Nf6 5. g3 e6 6. Bg2 Qb6 7. Nb3 {[%emt 0:02:27] [#]} d5 8. cxd5 $14 Bb4+ 9. Bd2 exd5 {[%emt 0:00:05] The position is equal.} 10. O-O O-O 11. Be3 Qd8 12. a3 Be7 13. Nc3 Be6 14. Nd4 Qd7 15. Nxc6 bxc6 16. Na4 Bh3 17. Rc1 Bxg2 18. Kxg2 Rfe8 19. Bc5 Rac8 20. Qd4 Bd8 21. Nc3 Bc7 22. Rfd1 Be5 23. Qd3 h5 24. b4 {[%emt 0:04:59] [#]} h4 $1 25. Bd4 (25. Kg1 Qe6) 25... h3+ 26. Kg1 Ng4 (26... Bxd4 {simplifies} 27. Qxd4 a5 28. e3 axb4 29. axb4 Ng4) 27. Rd2 Bd6 (27... Bxd4 $15 28. Qxd4 Ne5) 28. Nd1 {[%emt 0:03:43] [#]} ({White should play} 28. Na4 $11) 28... a5 $1 $15 29. f3 Ne5 30. Bxe5 Rxe5 31. bxa5 Qa7+ 32. Kf1 $1 Qxa5 33. Rdc2 (33. Nf2 $11) 33... Rce8 $36 {[%emt 0:07:39][%mdl 2048] Black is really pushing. Black has more active pieces.} (33... Qxa3 34. Qxa3 Bxa3 35. Rxc6) (33... Bxa3 $2 34. Ra1 $18) 34. Rxc6 $2 {[%emt 0:05:59] This costs White the game.} (34. f4 $17 R5e6 35. Nf2) 34... Rxe2 $1 $19 ({Inferior is} 34... Bxa3 35. Ra6 $11) (34... Qxa3 35. Qxa3 Bxa3 36. R1c2 $15) 35. Nc3 $2 {[%emt 0:00:06] White is weak on the dark squares} (35. Qxe2 $19 Rxe2 36. Kxe2 Qb5+ (36... Bxa3 $2 37. R1c2 $19) (36... Qxa3 $2 37. R6c3 $19) 37. Ke3 Bxa3 38. R1c2) 35... Rxh2 {[%emt 0:00:26] Black mates.} 36. Kg1 Qa7+ ({Worse is} 36... Bxa3 37. Kxh2 Bxc1 38. Qxd5 $11) 37. Kxh2 Qf2+ 38. Kxh3 Qxg3# {[%emt 0:00:03] Weighted Error Value: White=0.32/Black=0.09 (flawless) .  Loses game:     	White=1     	---        Mistake:       	White=3     	Black=1      Inaccurate:     	White=2     	Black=2      OK:         	White=12    	Black=11     Best:        	---       	Black=1      Strong:       	White=1     	Black=1      Brilliant:      	---       	Black=1} 0-1

[Event "50th La Roda Open 2024"]
[Site "La Roda"]
[Date "2024.03.29"]
[Round "4.7"]
[White "Siddharth, Jagadeesh"]
[Black "Rottenwohrer Suarez, Juan"]
[Result "1-0"]
[ECO "C44"]
[WhiteElo "2490"]
[BlackElo "2275"]
[Annotator "TA"]
[PlyCount "72"]
[EventDate "2024.03.27"]
[EventType "swiss"]
[EventCountry "ESP"]
[SourceTitle "playchess.com"]
[Source "ChessBase"]
[SourceQuality "1"]
[TimeControl "5400+30"]

1. e4 e5 2. Nf3 Nf6 3. d3 Nc6 4. c4 Bc5 5. h3 d6 6. a3 a5 7. Nc3 h6 8. g3 {[%emt 0:00:24] The position is equal.} Bd7 9. Bg2 g5 (9... Nh7 $15) 10. Nh2 Ne7 11. b3 Rg8 12. Nd5 (12. Nf3 $142) 12... Nfxd5 $11 13. cxd5 c6 14. dxc6 bxc6 15. O-O Rb8 16. Rb1 Be6 17. Ng4 Rg6 {[%emt 0:01:45] Repels Nf6+} 18. Ne3 Qb6 19. Nc4 Qa6 20. Qc2 {[%emt 0:06:13][%cal Oc4e5] Hoping for Nxe5!} Bxc4 21. dxc4 (21. bxc4 Rxb1 22. Qxb1 Rf6 $11) 21... Rf6 22. Qe2 Ng6 23. Bf3 Nf8 24. Bg4 Ke7 (24... Qa7 $11) 25. Kg2 Ne6 26. Bxe6 fxe6 27. Qg4 Rbf8 28. f3 a4 {[%emt 0:02:07] Threatens to win with ...axb3.} 29. h4 (29. Bd2 $1 $11) 29... Kd7 $2 (29... axb3 $1 $17 30. hxg5 Rg6 (30... hxg5 31. Bxg5 Qxc4 32. Rb2 $11) 31. Rxb3 Qxc4 32. Rb7+ Kd8) 30. hxg5 (30. Bd2 $1 $14) 30... hxg5 31. b4 (31. Qxg5 $2 axb3 32. Rxb3 Qxc4 $19) 31... Qxc4 {[%emt 0:02:23] ( -> ...Qe2+)} 32. Bxg5 $2 {[%emt 0:02:54] [#]} (32. bxc5 $11 {and White has nothing to worry.} Rxf3 (32... Qc2+ $2 33. Bd2 $18) 33. Rxf3 Qe2+ 34. Kg1 Qe1+ 35. Kg2 Qe2+ 36. Kg1 Qe1+ 37. Kg2 Qe2+) 32... Qe2+ $2 (32... Rxf3 $1 $19 33. Rxf3 Qc2+ 34. Kf1 (34. Kh3 $2 Qxb1 $19) 34... Qxb1+ 35. Ke2 Qc2+ 36. Ke1 Bf2+ 37. Kf1 Rxf3 38. Qxf3 Bd4 39. Qf7+ Kc8 40. Qxe6+ Kb7 41. Qd7+ Ka6) 33. Kh3 Rg6 $40 {[%emt 0:02:41][%mdl 128] Black mounts an attack.} 34. Qh5 {[%emt 0:02:00] Inhibits Rh8. The board is on fire.} Rfg8 $2 (34... Rxg5 $11 35. Qxg5 Bf2) 35. bxc5 $18 Qa6 {[%emt 0:09:57] [#] Wards off Rb7+} 36. Bc1 $4 Rf6 $4 {[%emt 0:00:30][%mdl 8192] Weighted Error Value: White=0.43/Black=0.29 (precise) .  Loses game:     	White=1     	Black=1      Missed win:     	---       	Black=1      Mistake:       	White=3     	Black=3      Inaccurate:     	White=5     	Black=3      OK:         	White=6     	Black=12     Best:        	White=2     	---} (36... Rxg3+ {and life is good for Black.} 37. Kh4 Rh3+ (37... Qxf1 38. Qf7+ Kc8 39. Qxe6+ Kc7 40. cxd6+ Kd8 41. Rb8#) 38. Kxh3 Qxf1+ 39. Kh4 Qh1#) 1-0

[Event "50th La Roda Open 2024"]
[Site "La Roda"]
[Date "2024.03.29"]
[Round "4.8"]
[White "Ponce Navalon, Jose"]
[Black "Elias Reyes, Jorge Roberto"]
[Result "1-0"]
[ECO "B50"]
[WhiteElo "2141"]
[BlackElo "2473"]
[Annotator "TA"]
[PlyCount "97"]
[EventDate "2024.03.27"]
[EventType "swiss"]
[EventCountry "ESP"]
[SourceTitle "playchess.com"]
[Source "ChessBase"]
[SourceQuality "1"]
[TimeControl "5400+30"]

1. e4 c5 2. Nf3 d6 3. c3 Nf6 4. Bc4 e6 5. Qe2 Be7 6. d4 cxd4 7. Nxd4 O-O 8. O-O Nxe4 {[%emt 0:09:15] The position is equal.} 9. Qxe4 d5 10. Bxd5 exd5 11. Qf3 Nc6 12. Nf5 Bf6 13. Ne3 Be6 14. Rd1 d4 15. cxd4 (15. Nc2 $142) 15... Nxd4 $17 16. Qxb7 Qa5 17. Nc3 ({Better is} 17. Bd2 Qh5 (17... Ne2+ 18. Kh1 $15) 18. Nc3) 17... Rab8 ({Black should try} 17... Rad8 $1 $17 18. Bd2 Bc8) 18. Qe4 $15 {[%emt 0:00:26][%cal Oe3d5] Strongly threatening Ned5!} Rb4 $2 {[%emt 0:04:57][%mdl 8192] Loses the game.} (18... Rfd8 $15 {keeps the upper hand.} 19. h3 (19. Ng4 $2 Bxg4 20. Qxg4 h5 $19) 19... Nb3 20. Rxd8+ Rxd8) 19. Ned5 $18 {[%emt 0:03:55] Excellent horsemanship.} Bf5 $2 (19... Rd8 {was necessary.}) 20. Nxf6+ gxf6 21. Qe7 {[%emt 0:00:40][%cal Oc1h6] Bh6! would now be deadly.} Rfb8 22. Qxf6 Qd8 23. Qxd8+ Rxd8 24. Be3 Ne6 25. Rxd8+ Nxd8 26. Nd5 Rb7 27. Bg5 Nc6 28. Bf6 Rd7 {[%emt 0:02:30] [#]} 29. Re1 $1 h5 (29... Kf8 30. Ne3) 30. Nf4 {[%emt 0:02:47] White wants to mate with Re8+.} Kh7 31. h3 {[%emt 0:02:37][%cal Oe1e8] Hoping for Re8!} (31. Nxh5 Kg6 $15) 31... Rd6 32. Bc3 h4 33. Re8 f6 34. g4 Bd7 (34... hxg3 35. fxg3 Kg7) 35. Rf8 Ne5 36. Nh5 Rd1+ {[%emt 0:01:40] [#]} 37. Kg2 $1 (37. Kh2 $2 Nf3+ 38. Kg2 Bc6 39. Nxf6+ (39. Rxf6 $2 Rg1#) 39... Kg6 $19) 37... Bc6+ {[%emt 0:00:16] [#]} 38. f3 $1 Nxf3 (38... Rd3 $142 39. Rxf6 (39. Nxf6+ Kg7 $18) 39... Bxf3+ 40. Kg1 (40. Kf2 Bxg4 41. hxg4 Nxg4+ 42. Ke2 Re3+ 43. Kd2 Rh3 $18) 40... Rd1+ 41. Kf2 Nxg4+ 42. hxg4 Bxg4) (38... a5 39. Rxf6) 39. Kf2 Ng5 40. Nxf6+ (40. Rxf6 Bb5 $16) 40... Kg6 41. Rg8+ Kh6 42. Ke2 (42. Bb4 $142 Ne4+ 43. Ke2 Nxf6 44. Bf8+ Kh7 45. Rg7+ Kh8 46. Kxd1) 42... Bf3+ $2 {[%emt 0:00:06] [#]} (42... Rd6 43. b3 Re6+ 44. Kd1 Bg2) 43. Ke3 $1 Rf1 44. Nd7 (44. Bb4 $142 Re1+ 45. Bxe1 Nh7 46. Kxf3 (46. Bxh4 Nxf6 47. g5+ Kh7 $18) 46... Nxf6 47. g5+ Kh7 48. gxf6 Kxg8 49. Ke4 (49. Bxh4 Kf7 50. Kf4 Kg6 51. Bg5 a6 52. a3 a5 53. a4 Kh7)) 44... Bd5 45. Rh8+ Kg6 46. Ne5+ Kg7 47. Nf3+ Kg6 48. Nxh4+ Kf7 49. Rh5 {[%emt 0:00:35] Weighted Error Value: White=0.38/Black=0.74.  Loses game:     	---       	Black=1      Mistake:       	White=4     	Black=5      Inaccurate:     	White=3     	Black=2      OK:         	White=10    	Black=12     Best:        	White=4     	Black=3      Strong:       	White=2     	---        Brilliant:      	White=1     	---} 1-0